 Dungeon Crawl Stone Soup version 0.23-a0-489-g205b0b6 (webtiles) character file.

5853 MalarOregon the Spear-Bearer (level 10, -3/80 HPs)
             Began as a Merfolk Gladiator on Dec 2, 2018.
             Was a Believer of Nemelex Xobeh.
             Slain by an eight-headed hydra (6 damage)
             ... on level 9 of the Dungeon.
             The game lasted 00:24:26 (10923 turns).

MalarOregon the Spear-Bearer (Merfolk Gladiator)   Turns: 10923, Time: 00:24:27

Health: -3/80      AC: 12    Str: 15    XL:     10   Next: 81%
Magic:  13/13      EV: 17    Int: 10    God:    Nemelex Xobeh [**....]
Gold:   436        SH: 10    Dex: 16    Spells: 9/9 levels left

rFire    . . .     SeeInvis .   a - +2 trident
rCold    . . .     Gourm    .   D - +0 shield
rNeg     . . .     Faith    .   P - +0 steam dragon scales
rPois    .         Spirit   .   c - +0 helmet
rElec    .         Reflect  .   z - +2 cloak
rCorr    +         Harm     .   s - +1 pair of gloves
MR       .....                  y - +0 pair of boots
Stlth    +.........             r - amulet of rage
HPRegen  0.23/turn              m - ring of resist corrosion
MPRegen  0.13/turn              (no ring)

@: no status effects
A: change form in water, swift swim, stealthy swim
a: Renounce Religion, Evoke Berserk Rage


You were on level 9 of the Dungeon.
You worshipped Nemelex Xobeh.
Nemelex Xobeh was pleased with you.
You were hungry.

You visited 2 branches of the dungeon, and saw 10 of its levels.

You collected 436 gold pieces.

Inventory:

Hand Weapons
 a - a +2 trident (weapon)
Missiles
 d - 4 throwing nets (quivered) {!f}
Armour
 c - a +0 helmet (worn)
 s - a +1 pair of gloves (worn)
   (You found it on level 2 of the Dungeon)
 u - a +0 large shield
   (You found it on level 2 of the Dungeon)
 y - a +0 pair of boots (worn)
   (You found it on level 3 of the Dungeon)
 z - a +2 cloak (worn)
   (You found it on level 3 of the Dungeon)
 D - a +0 shield (worn)
   (You found it on level 5 of the Dungeon)
 P - +0 steam dragon scales (worn)
   (You found it on level 9 of the Dungeon)
Jewellery
 m - a ring of resist corrosion (left hand)
   (You found it on level 2 of the Dungeon)
 r - an amulet of rage (around neck)
   (You found it on level 7 of the Dungeon)
Wands
 v - a wand of digging (2)
   (You took it off Robin on level 3 of the Dungeon)
 x - a wand of acid (4)
   (You found it on level 8 of the Dungeon)
Scrolls
 i - a scroll of immolation {!r}
 k - a scroll of fear {unknown}
 n - 2 scrolls of remove curse {@r2}
 p - 6 scrolls of identify {@r1}
 q - 2 scrolls of fog
 w - a scroll of teleportation {@r4}
 B - a scroll of acquirement {unknown}
 F - a scroll of holy word {unknown}
 G - a scroll of magic mapping {unknown}
 J - a scroll of brand weapon {unknown}
 L - a scroll of amnesia {unknown}
 M - a scroll of noise {unknown}
 O - a scroll of enchant armour {unknown}
Potions
 f - 7 potions of curing {@q1}
 g - a potion of heal wounds {@q2}
 h - a potion of invisibility
 j - a potion of berserk rage
 o - 2 potions of brilliance
 t - 4 potions of might
 A - 2 potions of lignification {!q}
 C - 2 potions of resistance
 I - 3 potions of agility
Miscellaneous
 l - a plain deck of destruction
   (Nemelex Xobeh gifted it to you on level 4 of the Dungeon)
 E - a plain deck of destruction
   (Nemelex Xobeh gifted it to you on level 6 of the Dungeon)
 H - a plain deck of summoning {drawn: 3}
   (Nemelex Xobeh gifted it to you on level 7 of the Dungeon)
 K - a plain deck of summoning
   (Nemelex Xobeh gifted it to you on level 6 of the Dungeon)
Comestibles
 e - 10 rations {!d}


   Skills:
 + Level 8.0 Fighting
 * Level 13.8 Polearms
 - Level 2.0 Throwing
 + Level 9.9 Dodging
 + Level 6.1 Shields
 + Level 5.0 Invocations


You had 9 spell levels left.
You didn't know any spells.
Your spell library contained the following spells:

 Spells                   Type           Power        Failure   Level  Hunger
 Flame Tongue             Conj/Fire      #....        75%         1    ##.....
 Throw Flame              Conj/Fire      #.....       87%         2    ###....
 Conjure Flame            Conj/Fire      #.......     98%         3    ####...
 Inner Flame              Hex/Fire       #.......     98%         3    ####...
 Sticky Flame             Conj/Fire      #.......     100%        4    #####..
 Fireball                 Conj/Fire      #.........   100%        5    ######.


Dungeon Overview and Level Annotations

Branches:
Dungeon (9/15)             Temple (1/1) D:4            Lair (0/6) D:8
    Orc: D:9-12

Altars:
Ashenzari
Cheibriados
Dithmenos
Elyvilon
Fedhas
Gozag
Hepliaklqana
Kikubaaqudgha
Makhleb
Nemelex Xobeh
Okawaru
Qazlal
Ru
Sif Muna
Trog
Uskayaw
Vehumet
Wu Jian
Yredelemnul
Zin
The Shining One
Jiyva


Message History

a +0 dagger; a +0 robe; an orc skeleton
Aim: an eight-headed hydra The bolt of acid hits the eight-headed hydra.
The eight-headed hydra is splashed with acid.
The acid corrodes the eight-headed hydra!
Things that are here:
a +0 dagger; a +0 robe; an orc skeleton You fail to use your ability.
The eight-headed hydra is no longer covered in acid.
You block the eight-headed hydra's attack.
The eight-headed hydra closely misses you.
You block the eight-headed hydra's attack.
The eight-headed hydra bites you but does no damage.
The eight-headed hydra bites you!
* * * LOW HITPOINT WARNING * * *
You block the eight-headed hydra's attack.
The eight-headed hydra misses you. The eight-headed hydra bites you.
* * * LOW HITPOINT WARNING * * *
The eight-headed hydra barely misses you.
The eight-headed hydra closely misses you.
You block the eight-headed hydra's attack. x2
The eight-headed hydra bites you!
* * * LOW HITPOINT WARNING * * *
The eight-headed hydra misses you. The eight-headed hydra bites you!
* * * LOW HITPOINT WARNING * * *
The eight-headed hydra bites you but does no damage.
Unknown command.
Things that are here:
a +0 dagger; a +0 robe; an orc skeleton
Found 11 gold pieces.
There is a stone staircase leading up here.
Found 18 bolts.
The eight-headed hydra completely misses you.
The eight-headed hydra bites you.
* * * LOW HITPOINT WARNING * * *
The eight-headed hydra closely misses you.
The eight-headed hydra barely misses you.
The eight-headed hydra closely misses you.
You block the eight-headed hydra's attack.
The eight-headed hydra bites you but does no damage.
The eight-headed hydra completely misses you.
There is a stone staircase leading up here.
The eight-headed hydra misses you.
You block the eight-headed hydra's attack.
The eight-headed hydra bites you.
* * * LOW HITPOINT WARNING * * *
You block the eight-headed hydra's attack.
The eight-headed hydra bites you.
You die...
Your body disappears without a glow.

## ## ###.## #$#
...[## #.#
.#####..###.#
.(.......#.#
#####..#.#
#..#.######.
..#######.@D........
.......)............
<####..............
#.##.##...?....
#.##.##.......#
#.##)##........
>$.....#......##.##.#
#######.###)[.# .# #
#. #.### .


You could see an eight-headed hydra.

Vanquished Creatures
  Pikel (D:3)
  A komodo dragon (D:8)
  5 slime creatures
  A steam dragon (D:9)
  A hungry ghost (D:7)
  Edmund (D:3)
  A water moccasin (D:5)
  Duvessa (D:4)
  3 slaves (D:3)
  An orc warrior (D:7)
  An ice beast (D:7)
  3 ogres
  A necrophage (D:5)
  A phantom (D:3)
  2 centaurs
  A crocodile (D:7)
  2 big kobolds
  4 bullfrogs
  Dowan (D:4)
  A water moccasin zombie (D:7)
  4 scorpions
  7 killer bees
  A wight (D:6)
  4 howler monkeys
  4 crimson imps
  2 bullfrog zombies
  2 centaur zombies
  3 hounds
  9 orc wizards
  Crazy Yiuf (D:4)
  3 orc priests
  9 jellies
  Ijyb (D:3)
  Jessica (D:3)
  2 iguanas
  Natasha (twice) (D:4)
  5 worker ants
  2 hound zombies
  A hound skeleton (D:6)
  Robin (D:3)
  14 adders
  3 gnolls (D:3)
  2 shadow imps
  4 oozes (D:1)
  An adder zombie (D:6)
  5 worms
  4 dart slugs
  3 leopard geckos
  26 orcs
  5 ball pythons
  4 giant cockroaches
  13 goblins
  10 hobgoblins
  10 jackals
  15 kobolds
  6 quokkas
  8 bats
  5 frilled lizards
  7 rats
242 creatures vanquished.

Vanquished Creatures (others)
  A slave (D:4)
  A plant (D:8)
2 creatures vanquished.

Grand Total: 244 creatures vanquished

Notes
Turn   | Place    | Note
-------+----------+-------------------------------------------
     0 | D:1      | MalarOregon the Merfolk Gladiator began the quest for the
                  | Orb.
     0 | D:1      | Reached XP level 1. HP: 16/16 MP: 1/1
    46 | D:1      | Noticed a jelly
    47 | D:1      | Noticed a jelly
    47 | D:1      | Noticed a jelly
    51 | D:1      | Reached XP level 2. HP: 23/23 MP: 2/2
    54 | D:1      | Found a viscous altar of Jiyva.
   531 | D:1      | Reached skill level 5 in Polearms
   793 | D:2      | Reached XP level 3. HP: 28/28 MP: 3/3
  1028 | D:2      | Reached XP level 4. HP: 24/35 MP: 4/4
  1174 | D:2      | Reached skill level 5 in Dodging
  1233 | D:2      | Found a shattered altar of Ashenzari.
  1634 | D:2      | Reached skill level 1 in Shields
  1634 | D:2      | Reached XP level 5. HP: 31/41 MP: 5/5
  1765 | D:2      | Reached skill level 6 in Polearms
  1859 | D:3      | Noticed Ijyb
  1891 | D:3      | Killed Ijyb
  1941 | D:3      | Noticed Robin
  1952 | D:3      | Reached XP level 6. HP: 48/48 MP: 6/6
  1990 | D:3      | Killed Robin
  2087 | D:3      | Noticed Jessica
  2093 | D:3      | Killed Jessica
  2282 | D:3      | Reached skill level 7 in Polearms
  2627 | D:4      | Noticed Pikel
  2627 | D:4      | Noticed a slave
  2627 | D:4      | Noticed a slave
  2627 | D:4      | Noticed a slave
  2629 | D:4      | Noticed a slave
  2653 | D:3      | Killed a slave
  2722 | D:4      | Noticed a phantom
  2743 | D:3      | Killed a phantom
  2743 | D:3      | Reached XP level 7. HP: 50/54 MP: 5/7
  3207 | D:3      | Killed Pikel
  3207 | D:3      | Reached skill level 8 in Polearms
  3207 | D:3      | Reached XP level 8. HP: 11/61 MP: 3/8
  3466 | D:4      | Noticed Edmund
  3531 | D:3      | Killed Edmund
  3531 | D:3      | Reached skill level 5 in Fighting
  3531 | D:3      | Reached skill level 9 in Polearms
  3868 | D:4      | Noticed Natasha
  3876 | D:4      | Killed Natasha
  3941 | D:4      | Found a staircase to the Ecumenical Temple.
  3987 | D:4      | Found a runed door.
  4001 | D:4      | Noticed Duvessa
  4004 | D:4      | Noticed Dowan
  4048 | D:4      | Killed Duvessa
  4048 | D:4      | Reached skill level 10 in Polearms
  4055 | Temple   | Entered the Ecumenical Temple
  4341 | Temple   | Became a worshipper of Nemelex Xobeh the Trickster
  4384 | D:4      | Killed Dowan
  4430 | D:4      | Noticed Natasha
  4438 | D:4      | Killed Natasha
  4468 | D:4      | Received a gift from Nemelex Xobeh
  4687 | D:4      | Noticed Crazy Yiuf
  4694 | D:4      | Killed Crazy Yiuf
  4778 | D:5      | Entered Level 5 of the Dungeon
  4901 | D:5      | Reached XP level 9. HP: 67/69 MP: 9/9
  4909 | D:5      | Reached skill level 1 in Invocations
  4985 | D:5      | Reached * piety under Nemelex Xobeh
  5010 | D:5      | Reached skill level 11 in Polearms
  5043 | D:5      | Got an ancient whip
  5301 | D:6      | Received a gift from Nemelex Xobeh
  5636 | D:6      | Reached skill level 12 in Polearms
  5807 | D:6      | Found a white marble altar of Elyvilon.
  5836 | D:6      | Received a gift from Nemelex Xobeh
  5944 | D:7      | Reached skill level 5 in Shields
  6248 | D:7      | Reached XP level 10. HP: 47/79 MP: 12/12
  6724 | D:7      | Reached ** piety under Nemelex Xobeh
  7030 | D:7      | Received a gift from Nemelex Xobeh
  7649 | D:8      | Reached skill level 13 in Polearms
  8241 | D:8      | Found a staircase to the Lair.
  8903 | D:8      | Found a basalt altar of Yredelemnul.
 10090 | D:8      | Found a basalt altar of Yredelemnul.
 10368 | D:8      | Found a staircase to the Lair.
 10543 | D:9      | Reached skill level 5 in Invocations
 10675 | D:9      | Noticed an eight-headed hydra
 10711 | D:9      | Identified the -2 hand axe of Courage {holy, +Inv rF+
                  | Int-3}
 10875 | D:9      | HP: 1/80 [eight-headed hydra (10)]
 10923 | D:9      | HP: 3/80 [eight-headed hydra (4)]
 10923 | D:9      | Slain by an eight-headed hydra

Vault maps used:
D:1:      erik_arrival_cave_to_civilisation, minmay_misc_feat_tiny
D:2:      ashenzari_altar_1, serial_park_tiny_pond
D:3:      minmay_crystal_water, uniq_jessica, uniq_ijyb, uniq_robin
D:4:      minmay_temple_entry_enclosed_plants, serial_glass, glass_columns_a,
          glass_columns_a, first_ration, uniq_pikel, uniq_natasha, uniq_edmund,
          uniq_duvessa, uniq_crazy_yiuf_cottage
D:6:      elyvilon_altar_4, minmay_microvault
D:7:      hangedman_abyss_or_decor_stagger, st_stairs_14, serial_bayou_pond_d
D:8:      kennysheep_mini, david_lair_shrubbed
D:9:      xom_shifter_show
Temple:   hc_temple_tempest_star

Skill      XL: |  1  2  3  4  5  6  7  8  9 10 |
---------------+-------------------------------+-----
Polearms       | 5 6 7 8 10 12 13 | 13.8
Fighting       | 3 4 6 7 8 |  8.0
Dodging        | 5 6 7 9 |  9.9
Shields        | 1 2 3 4 5 6 |  6.1
Invocations    | 3 5 |  5.0
Throwing       | |  2.0

Action                   |  1- 3 |  4- 6 |  7- 9 | 10-12 || total
-------------------------+-------+-------+-------+-------++-------
Melee: Trident           |    82 |   337 |   530 |   362 ||  1311
       Tailslap          |       |     8 |       |       ||     8
Evoke: Wand              |       |       |     1 |     2 ||     3
       Deck              |       |       |       |     3 ||     3
  Use: Scroll            |       |     5 |     7 |     4 ||    16
 Stab: Sleeping          |     1 |     1 |     1 |       ||     3
       Distracted        |       |     1 |       |     1 ||     2
  Eat: Chunk             |       |     6 |    12 |    10 ||    28
       Ration            |       |       |       |     2 ||     2
Armor: Leather armour    |    16 |    52 |    79 |    43 ||   190
       Skin              |       |    20 |       |       ||    20
       Steam dragon scal |       |       |       |    12 ||    12
Dodge: Dodged            |    69 |   173 |   260 |   154 ||   656
Block: Buckler           |       |    53 |    77 |       ||   130
       Shield            |       |       |       |   130 ||   130

Table legend:
 A = Non-vault XP
 B = Vault XP
 C = Vault XP percentage of total XP
 D = Non-vault monster count
 E = Vault monster count
 F = Vault count percentage of total count
                 A         B        C        D         E       F
            +---------+---------+-------+---------+---------+-------
      Total |    6294 |    2068 |  24.7 |     197 |      42 |  17.6
            +---------+---------+-------+---------+---------+-------
        D:1 |      39 |     373 |  90.5 |      16 |      19 |  54.3
        D:2 |     142 |       0 |   0.0 |      27 |       0 |   0.0
        D:3 |     366 |     889 |  70.8 |      37 |      16 |  30.2
        D:4 |      87 |     302 |  77.6 |       5 |       4 |  44.4
        D:5 |     817 |       0 |   0.0 |      17 |       0 |   0.0
        D:6 |    1257 |      56 |   4.3 |      39 |       1 |   2.5
        D:7 |    1556 |     105 |   6.3 |      17 |       1 |   5.6
        D:8 |    1561 |     343 |  18.0 |      29 |       1 |   3.3
        D:9 |     469 |       0 |   0.0 |      10 |       0 |   0.0
            +---------+---------+-------+---------+---------+-------
